 Dungeon Crawl Stone Soup version 0.24.0-125-gc4c63601f3 (webtiles) character file.

Game seed: 17309923363287155292, levelgen mode: deterministic

32185 MisterOstroum the Basher (level 13, -5/113 HPs)
             Began as a White Draconian Wanderer on Mar 9, 2020.
             Was a High Priest of Okawaru.
             Slain by a death yak (22 damage)
             ... on level 5 of the Lair of Beasts on Mar 10, 2020.
             The game lasted 00:41:20 (21178 turns).

MisterOstroum the Basher (DrWn)                    Turns: 21178, Time: 00:41:21

Health: -5/113     AC: 18    Str: 20    XL:     13   Next: 30%
Magic:  17/19      EV: 19    Int: 11    God:    Okawaru [*****.]
Gold:   1275       SH: 13    Dex: 12    Spells: 2/14 levels left

rFire    . . .     SeeInvis .   a - +1 whip (elec)
rCold    + . .     Gourm    .   J - +2 buckler {reflect}
rNeg     . . .     Faith    .   (armour unavailable)
rPois    .         Spirit   .   y - +2 hat
rElec    .         Reflect  +   q - +1 cloak
rCorr    .         Harm     .   t - +0 pair of gloves
MR       .....                  (no boots)
Stlth    +++.......             M - +5 amulet of reflection
HPRegen  0.28/turn              R - +2 ring of protection
MPRegen  0.16/turn              j - +3 ring of protection

@: heroism, very slightly contaminated
A: breathe frost, unfitting armour, cold resistance 1, cold-blooded, AC +8
a: Breathe Frost, Heroism, Finesse, Renounce Religion


You were on level 5 of the Lair of Beasts.
You worshipped Okawaru.
Okawaru was extremely pleased with you.
You were hungry.

You visited 2 branches of the dungeon, and saw 15 of its levels.
You also visited: Ossuary and Volcano.

You collected 1275 gold pieces.

Inventory:

Hand Weapons
 a - a +1 whip of electrocution (weapon)
 b - a +0 short sword of venom
 m - a +2 fustibalus of flaming
 P - a +5 flail of freezing
Missiles
 d - 59 poisoned darts
 n - 292 stones (quivered)
 x - 7 atropa-tipped darts
 U - a throwing net {!f}
Armour
 q - a +1 cloak (worn)
 t - a +0 pair of gloves (worn)
 y - a +2 hat (worn)
 J - a +2 buckler of reflection (worn)
Jewellery
 j - a +3 ring of protection (right hand)
 u - an uncursed ring of protection from cold
 M - a +5 amulet of reflection (around neck)
 R - a +2 ring of protection (left hand)
 T - a +3 ring of intelligence
 W - an uncursed ring of positive energy
 Y - an uncursed ring of resist corrosion
Wands
 f - a wand of flame (49)
 g - a wand of clouds (9)
 l - a wand of paralysis (3)
 p - a wand of iceblast (3)
 B - a wand of polymorph (2)
 N - a wand of acid (11)
 Z - a wand of enslavement (8)
Scrolls
 h - a scroll of holy word {unknown}
 o - 5 scrolls of teleportation {@r3 !r}
 v - a scroll of immolation
 z - 2 scrolls of fog {!r}
 E - 5 scrolls of remove curse {@r2}
 G - a scroll of enchant armour {unknown}
 I - a scroll of identify {@r1}
 K - a scroll of fear {unknown}
 L - a scroll of amnesia {unknown}
 O - a scroll of vulnerability {unknown}
 Q - a scroll of magic mapping {@r5 !r}
 S - a scroll of blinking {unknown}
Potions
 c - 2 potions of lignification {@q6}
 i - 2 potions of heal wounds {@q2 !q}
 k - 2 potions of cancellation
 r - 4 potions of flight
 s - a potion of berserk rage
 w - 2 potions of haste {@q4 !q}
 C - 2 potions of agility {@q5 !q}
 D - 4 potions of resistance
 F - 3 potions of curing {@q1 !q}
 H - a potion of magic
Comestibles
 e - 18 rations
 V - 11 chunks of flesh


   Skills:
 - Level 10.0(15.0) Fighting
 - Level 2.0(7.0) Short Blades
 - Level 12.0(17.0) Maces & Flails
   Level 2.2(7.2) Bows
 - Level 1.0(6.0) Throwing
 + Level 7.5(12.5) Dodging
 - Level 1.0(6.0) Stealth
 - Level 4.0(9.0) Shields
 - Level 1.0 Spellcasting
 - Level 1.8 Charms
 - Level 1.0 Translocations
 * Level 7.5 Transmutations
 - Level 2.6 Ice Magic
 * Level 7.5 Earth Magic
   Level 1.0 Poison Magic
 + Level 8.9 Invocations
 - Level 5.0 Evocations


You had 2 spell levels left.
You knew the following spells:

 Your Spells              Type           Power        Failure   Level  Hunger
a - Freeze                Ice            #...         11%         1    ##.....
b - Ozocubu's Armour      Chrm/Ice       #.......     36%         3    ####...
B - Blink                 Tloc           N/A          32%         2    ###....
P - Statue Form           Tmut/Erth      ###......    92%         6    #######

Your spell library contained the following spells:

 Spells                   Type           Power        Failure   Level  Hunger
 Apportation              Tloc           #.....       22%         1    ##.....
 Ensorcelled Hibernation  Hex/Ice        #.....       28%         2    ###....
 Throw Frost              Conj/Ice       #.....       28%         2    ###....
 Animate Skeleton         Necr           N/A          32%         1    ##.....
 Confusing Touch          Hex            #.....       32%         1    ##.....
 Corona                   Hex            #......      32%         1    ##.....
 Magic Dart               Conj           #...         32%         1    ##.....
 Summon Small Mammal      Summ           #...         32%         1    ##.....
 Call Imp                 Summ           #.......     43%         2    ###....
 Slow                     Hex            #.......     43%         2    ###....
 Mephitic Cloud           Conj/Pois/Air  #.......     63%         3    ####...
 Confuse                  Hex            #.......     67%         3    ####...
 Conjure Flame            Conj/Fire      #.......     67%         3    ####...
 Dazzling Spray           Conj/Hex       #.....       67%         3    ####...
 Tukima's Dance           Hex            #.......     67%         3    ####...
 Summon Ice Beast         Ice/Summ       #.......     88%         4    #####..
 Throw Icicle             Conj/Ice       #.......     88%         4    #####..
 Irradiate                Conj/Tmut      #.........   88%         5    ######.
 Hydra Form               Tmut           ###.......   92%         6    #######
 Dragon Form              Tmut           ###.......   100%        7    #######


Dungeon Overview and Level Annotations

Branches:
Dungeon (10/15)            Temple (0/1) D:5            Lair (5/6) D:8
 Shoals (0/4) Lair:2        Snake (0/4) Lair:3      Ossuary (visited)
Volcano (visited)
  Slime: Lair:5-6       Orc: D:9-12

Altars:
Elyvilon
Hepliaklqana
Kikubaaqudgha
Okawaru
Qazlal
Uskayaw
Vehumet
Xom

Shops:
D:6 %

Annotations:
D:10 2 transporters, cccccccc's ghost, novice BaBe
Lair:3 exclusion: 2 oklob plants
Lair:4 exclusions: 2 killer bees and 1 more exclusion


Innate Abilities, Weirdness & Mutations

You can breathe waves of freezing cold.
You can buffet flying creatures when you breathe cold.
Your icy white scales are hard. (AC +8)
You cannot fit into any form of body armour.
Your flesh is cold resistant. (rC+)
You are cold-blooded and may be slowed by cold attacks.


Message History

The death yak is severely wounded.
You block the death yak's attack. The death yak gores you!
Things that are here:
a yak skeleton; a death yak corpse
Items here: %%% ÷÷÷ You are too injured to fight recklessly!
You are too injured to fight recklessly!
You barely miss the yak. You block the yak's attack.
You hit the yak.
The yak is lightly wounded.
You hit the yak but do no damage.
The yak is lightly wounded.
The yak misses you.
You hit the yak but do no damage. Lightning courses through the yak!
The yak is moderately wounded.
You feel like a meek peon again.
You hit the yak but do no damage.
The yak is moderately wounded.
The yak gores you but does no damage.
You gain the combat prowess of a mighty hero.
The yak gores you!
You hit the yak but do no damage. Lightning courses through the yak!
The yak is severely wounded.
You whack the yak!
The yak is almost dead.
The yak barely misses you.
You barely miss the yak. You tail-slap the yak.
The yak is almost dead.
You hit the yak.
The yak is almost dead.
The yak gores you!
You barely miss the yak.
The yak is almost dead.
You barely miss the yak.
The yak is almost dead.
The yak completely misses you.
You closely miss the yak.
The yak is almost dead.
You hit the yak.
The yak is almost dead.
You block the yak's attack.
You hit the yak.
You tail-slap the yak, but do no damage.
The yak is almost dead.
You closely miss the yak.
The yak is almost dead.
The yak misses you.
Okay, then.
Unknown command.
You hit the yak.
You kill the yak!
Okawaru accepts your kill.
You hit the yak.
The yak is lightly wounded.
You hit the yak.
The yak is lightly wounded.
You block the yak's attack.
You hit the yak.
The yak is lightly wounded.
You hit the yak.
The yak is moderately wounded.
The yak barely misses you.
You hit the yak.
The yak is moderately wounded.
Some of the chunks of flesh in your inventory have rotted away.
Okay, then.
Unknown command.
Search for what [Enter for "god", or ? for help]? bril Unknown command.
You whack the yak!
The yak is heavily wounded.
The yak barely misses you.
You hit the yak but do no damage. You tail-slap the yak.
The yak is severely wounded.
You barely miss the yak.
The yak is severely wounded.
The yak gores you!
You hit the yak. Lightning courses through the yak!
You kill the yak!
Okawaru accepts your kill.
You hit the death yak but do no damage. You hit the death yak but do no damage.
The death yak gores you!!
* * * LOW HITPOINT WARNING * * *
You hit the death yak.
You tail-slap the death yak, but do no damage.
The death yak is lightly wounded.
You barely miss the death yak.
The death yak is lightly wounded.
The death yak gores you but does no damage.
Okay, then.
Unknown command.
Okay, then.
Cast which spell? (? or * to list)
You miscast Blink.
You are very lightly contaminated with residual magic.
Your skin tingles.
You are feeling hungry.
The death yak gores you!!
You die...

..####..# .# #..# #
####... #.#.P[P..
................. #.
................. #.
#........##....# ##..
###........#####..
#..)##@#........## ##..
##...#Y##..>......###..#
P#.P..PY†................
.........................
..#P###....#...P..#......
# #††##.#(.?######...#
##†.####..# ..P.#
#..###...# #..###
#.#......#####..#


You could see 2 death yaks.

Vanquished Creatures
  Snorg (Lair:5)
  3 hydras
  Erica (Lair:2)
  A dancing weapon (Volcano)
  A two-headed ogre (D:8)
  3 death yaks (Lair:5)
  5 wizards (Volcano)
  11 elephants
  5 toenail golems (Volcano)
  Joseph (D:8)
  4 spiny frogs
  5 komodo dragons
  3 trolls
  A hippogriff (Lair:2)
  A snapping turtle (Lair:2)
  33 yaks
  2 wyverns
  Grum (D:8)
  2 steam dragons
  Edmund (D:5)
  6 porcupines
  10 water moccasins
  3 black bears
  2 ice beasts
  4 orc warriors
  2 sky beasts
  7 ogres
  2 phantoms
  8 wolves
  7 centaurs
  9 crocodiles
  9 bullfrogs
  An elf zombie (Ossuary)
  4 scorpions
  5 killer bees (D:8)
  5 wights
  2 howler monkeys (D:8)
  4 electric eels (Lair:3)
  2 crimson imps
  A bullfrog zombie (D:7)
  A jelly (D:9)
  4 quasits
  2 hounds
  3 centaur skeletons
  A bullfrog skeleton (D:10)
  A centaur zombie (D:7)
  9 orc priests
  12 orc wizards
  Natasha (thrice) (D:4)
  An iguana (D:8)
  10 worker ants
  A hound skeleton (D:4)
  3 mummies (Ossuary)
  2 howler monkey zombies
  A howler monkey skeleton (D:7)
  15 adders
  7 gnolls
  2 shadow imps
  An ooze (D:4)
  4 adder zombies
  2 adder skeletons
  2 worms
  A dart slug (D:3)
  4 leopard geckos
  39 orcs
  2 bat zombies (D:2)
  8 giant cockroaches
  5 goblins
  5 hobgoblins
  9 jackals
  2 quokkas
  A ball python (D:5)
  9 bats
  6 frilled lizards
  3 hobgoblin zombies (Ossuary)
  A jackal zombie (D:5)
  6 kobolds
  6 kobold zombies (Ossuary)
  A quokka skeleton (D:5)
  A quokka zombie (Ossuary)
  4 rats (D:1)
  4 rat zombies (Ossuary)
382 creatures vanquished.

Vanquished Creatures (others)
  A centaur (D:10)
  7 fungi
  2 plants (Lair:3)
10 creatures vanquished.

Grand Total: 392 creatures vanquished

Notes
Turn   | Place    | Note
-------+----------+-------------------------------------------
     0 | D:1      | MisterOstroum the Draconian Wanderer began the quest for
                  | the Orb.
     0 | D:1      | MisterOstroum set off with the following items: a +2
                  | shortbow, 19 arrows, a potion of lignification {@q6}, 11
                  | poisoned darts, a ration, a +0 dagger
     0 | D:1      | Reached XP level 1. HP: 19/19 MP: 2/2
   164 | D:1      | Found an iron altar of Okawaru.
   172 | D:1      | Became a worshipper of Warmaster Okawaru
   183 | D:1      | Reached XP level 2. HP: 23/26 MP: 3/3
  1063 | D:2      | Reached skill level 1 in Short Blades
  1063 | D:2      | Reached XP level 3. HP: 25/33 MP: 4/4
  1070 | D:2      | Reached skill level 1 in Dodging
  1639 | D:2      | Found an ancient bone altar of Kikubaaqudgha.
  1734 | D:3      | Reached XP level 4. HP: 22/40 MP: 5/5
  2736 | D:4      | Noticed an ogre
  2761 | D:4      | Killed an ogre
  2761 | D:4      | Reached * piety under Okawaru
  2761 | D:4      | Reached skill level 5 in Fighting
  2761 | D:4      | Reached skill level 2 in Maces & Flails
  2761 | D:4      | Reached XP level 5. HP: 42/48 MP: 6/6
  2896 | D:4      | Reached skill level 3 in Maces & Flails
  2896 | D:4      | Reached XP level 6. HP: 51/56 MP: 7/7
  3169 | D:4      | Found a sand-covered staircase.
  3176 | Ossuary  | Entered an ossuary
  3212 | Ossuary  | Reached skill level 4 in Maces & Flails
  3411 | Ossuary  | Reached ** piety under Okawaru
  3411 | Ossuary  | Reached skill level 1 in Invocations
  3411 | Ossuary  | Your scales start taking on an icy white colour.
  3411 | Ossuary  | Reached XP level 7. HP: 57/62 MP: 8/8
  3411 | Ossuary  | Gained mutation: Your flesh is cold resistant. (rC+) [White
                  | Draconian growth]
  3612 | D:3      | Noticed Natasha
  3615 | D:4      | Killed Natasha
  3716 | D:3      | Noticed a water elemental
  3723 | D:3      | Found a stormy altar of Qazlal.
  3724 | D:3      | Noticed a fire elemental
  3724 | D:3      | Noticed an air elemental
  4556 | D:4      | Noticed Natasha
  4561 | D:4      | Killed Natasha
  5017 | D:4      | Noticed Natasha
  5023 | D:4      | Killed Natasha
  5040 | D:5      | Entered Level 5 of the Dungeon
  5040 | D:5      | Found a radiant altar of Vehumet.
  5064 | D:5      | Reached skill level 5 in Maces & Flails
  5440 | D:5      | Reached skill level 1 in Shields
  5518 | D:5      | Found a hide-covered altar of Uskayaw.
  5543 | D:5      | Found a hazy altar of Hepliaklqana.
  5583 | D:5      | Reached XP level 8. HP: 48/71 MP: 9/9
  5695 | D:5      | Noticed Edmund
  5726 | D:5      | Killed Edmund
  5752 | D:5      | Reached skill level 1 in Evocations
  5865 | D:5      | Noticed a +0 hand axe
  5866 | D:5      | Noticed a +0 dagger
  5997 | D:5      | Found a staircase to the Ecumenical Temple.
  6073 | D:5      | Reached *** piety under Okawaru
  6227 | D:6      | Found a white marble altar of Elyvilon.
  6460 | D:6      | Reached skill level 6 in Maces & Flails
  6747 | D:6      | Found Nuiwkax's Food Shoppe.
  7320 | D:7      | Reached **** piety under Okawaru
  7320 | D:7      | Reached XP level 9. HP: 62/79 MP: 11/11
  7426 | D:7      | Found a hazy altar of Hepliaklqana.
  7592 | D:7      | Reached skill level 7 in Maces & Flails
  8239 | D:8      | Noticed Grum
  8262 | D:8      | Killed Grum
  8288 | D:8      | Noticed Joseph
  8541 | D:8      | Killed Joseph
  8541 | D:8      | Reached ***** piety under Okawaru
  8767 | D:8      | Noticed a troll
  8812 | D:8      | Killed a troll
  8812 | D:8      | Reached skill level 5 in Invocations
  8812 | D:8      | Reached XP level 10. HP: 58/90 MP: 13/13
  8971 | D:8      | Found a shimmering altar of Xom.
  9024 | D:8      | Noticed a two-headed ogre
  9067 | D:8      | Reached skill level 8 in Maces & Flails
  9071 | D:8      | Killed a two-headed ogre
  9244 | D:8      | Received a gift from Okawaru
  9976 | D:8      | Found a staircase to the Lair.
 10241 | D:8      | Learned a level 1 spell: Freeze
 10245 | D:8      | Learned a level 3 spell: Ozocubu's Armour
 10275 | D:9      | Noticed Psyche
 10276 | D:9      | Noticed Psyche
 10276 | D:9      | Psyche changed into Psyche the black bear
 10284 | D:9      | Killed Psyche the black bear
 10538 | D:8      | Reached skill level 1 in Ice Magic
 10616 | D:9      | Reached skill level 5 in Dodging
 10673 | D:9      | Reached skill level 1 in Charms
 11168 | D:9      | Reached skill level 9 in Maces & Flails
 11665 | D:10     | Entered Level 10 of the Dungeon
 11718 | D:10     | Reached skill level 5 in Evocations
 11812 | D:10     | Reached skill level 10 in Fighting
 11812 | D:10     | Reached XP level 11. HP: 80/99 MP: 11/15
 12286 | D:10     | Learned a level 2 spell: Blink
 12385 | D:10     | Found a transporter.
 12388 | D:10     | Noticed cccccccc's ghost (novice BaBe)
 12389 | D:10     | Found a transporter.
 12397 | D:10     | Learned a level 6 spell: Statue Form
 12657 | Lair:1   | Entered Level 1 of the Lair of Beasts
 12996 | Lair:1   | Reached skill level 1 in Transmutations
 12996 | Lair:1   | Reached skill level 1 in Earth Magic
 13543 | Lair:1   | Noticed an eight-headed hydra
 13554 | Lair:1   | HP: 4/148 [eight-headed hydra (7)]
 13555 | Lair:1   | Killed an eight-headed hydra
 14801 | Lair:2   | Noticed Erica
 14820 | Lair:2   | Found a dark tunnel.
 14842 | Lair:2   | Reached skill level 10 in Maces & Flails
 14859 | Lair:2   | Reached ****** piety under Okawaru
 14970 | Volcano  | Entered a volcano
 14974 | Volcano  | Noticed a wizard
 14984 | Volcano  | Killed a wizard
 14984 | Volcano  | Received a gift from Okawaru
 15149 | Volcano  | Noticed a wizard
 15160 | Volcano  | Killed a wizard
 15311 | Volcano  | Noticed a wizard
 15321 | Volcano  | Killed a wizard
 15369 | Volcano  | Noticed a +1 mace of flaming
 15397 | Volcano  | Killed a +1 mace of flaming
 15463 | Volcano  | Noticed a wizard
 15463 | Volcano  | Noticed a wizard
 15482 | Volcano  | Killed a wizard
 15482 | Volcano  | Received a gift from Okawaru
 15491 | Volcano  | Killed a wizard
 15491 | Volcano  | Reached XP level 12. HP: 33/106 MP: 10/17
 15515 | Volcano  | Got a scorched great mace {god gift}
 16154 | Lair:3   | Found a staircase to the Snake Pit.
 16204 | Lair:3   | Noticed a five-headed hydra
 16209 | Lair:3   | Killed a five-headed hydra
 16209 | Lair:3   | Reached skill level 5 in Earth Magic
 16227 | Lair:3   | Identified the +7 great mace "Hoaliducu" {freeze, Int+7}
                  | (Okawaru gifted it to you in a volcano)
 16388 | Lair:3   | Reached skill level 11 in Maces & Flails
 16388 | Lair:3   | Reached skill level 5 in Transmutations
 17027 | Lair:3   | Received a gift from Okawaru
 18461 | Lair:2   | Killed Erica
 19282 | Lair:2   | Found a staircase to the Shoals.
 19732 | Lair:4   | Noticed a four-headed hydra
 19742 | Lair:4   | Killed a four-headed hydra
 19749 | Lair:4   | Reached XP level 13. HP: 58/113 MP: 17/19
 20898 | Lair:5   | Noticed Snorg
 20908 | Lair:5   | Killed Snorg
 21101 | Lair:5   | Reached skill level 12 in Maces & Flails
 21178 | Lair:5   | Slain by a death yak

Levels and vault maps discovered:
D:1:      minmay_arrival_semitransparent, layout_basic,
          okawaru_ov_weapons_minmay
D:2:      layout_loops_ring, lemuel_zombie_altar_kikubaaqudgha
D:3:      layout_basic, nicolae_qazlal_style_of_elements, uniq_natasha
D:4:      layout_basic, enter_ossuary_5, first_ration, minmay_misc_feat_five
D:5:      layout_rooms, lemuel_crystal_altar, dancing_weapons_uskayaw,
          minmay_temple_entry_statues_pillars, basic_altar, uniq_edmund
D:6:      layout_loops_ring, elyvilon_altar_5, serial_shops, shop_fountains
D:7:      layout_gridville, kennysheep_little_box
D:8:      hangedman_cross_stitches, layout_loops_corners, tgw_xom,
          lair_entry_dummy, uniq_grum, uniq_joseph
D:9:      layout_roguey, uniq_psyche
D:10:     layout_big_octagon, gammafunk_ghost_hive
Lair:1:   layout_layer_cave, grunt_megastairs_1
Lair:2:   layout_layer_cave, minmay_shoals_entry_hut, enter_volcano_1,
          uniq_erica
Lair:3:   layout_concentric_octagons, st_stairs_5,
          chequers_serial_rivers_large_b, serial_bayou_lake_a,
          minmay_lair_oklob_chamber
Lair:4:   layout_cave_pods, special_room [special_room_bee]
Lair:5:   layout_small_grid, minmay_another_anthill, grunt_megastairs_4,
          uniq_snorg

Skill      XL: |  1  2  3  4  5  6  7  8  9 10 11 12 13 |
---------------+----------------------------------------+-----
Bows           | 2 |  2.2
Fighting       | 4 5 6 7 8 10 | 10.0
Short Blades   | 1 2 |  2.0
Dodging        | 1 2 3 4 5 6 7 |  7.5
Maces & Flails | 2 3 4 5 6 7 9 10 11 12 | 12.0
Invocations    | 1 2 3 5 6 7 8 |  8.9
Shields        | 1 3 4 |  4.0
Evocations     | 2 3 5 |  5.0
Ice Magic      | 2 |  2.6
Charms         | 1 |  1.8
Transmutations | 4 6 7 |  7.5
Earth Magic    | 4 6 7 |  7.5
Throwing       | |  1.0
Stealth        | |  1.0
Spellcasting   | |  1.0
Translocations | |  1.0
Poison Magic   | |  1.0

Action                   |  1- 3 |  4- 6 |  7- 9 | 10-12 | 13-15 || total
-------------------------+-------+-------+-------+-------+-------++-------
Melee: Dagger            |    31 |       |       |       |       ||    31
       Short sword       |    56 |   102 |    48 |    92 |       ||   298
       Tailslap          |     8 |    26 |    74 |   148 |    32 ||   288
       Whip              |       |    66 |   458 |   728 |   168 ||  1420
       Flail             |       |       |       |    98 |       ||    98
       Unarmed           |       |       |       |    28 |       ||    28
       Great mace        |       |       |       |     2 |       ||     2
 Fire: Shortbow          |    20 |       |       |       |       ||    20
Throw: Dart              |     1 |     3 |    16 |    37 |       ||    57
       Stone             |       |     1 |       |     6 |       ||     7
Invok: Heroism           |       |     1 |     2 |    13 |     4 ||    20
       Finesse           |       |       |       |     1 |     1 ||     2
 Abil: Breathe Frost     |       |       |     5 |     6 |     1 ||    12
Evoke: Wand              |       |     1 |     1 |    17 |     5 ||    24
  Use: Scroll            |       |       |     9 |    16 |     1 ||    26
       Potion            |       |       |       |     2 |       ||     2
 Stab: Sleeping          |     3 |     2 |     6 |       |       ||    11
       Distracted        |     1 |       |       |     1 |       ||     2
       Paralysed         |       |       |       |       |     2 ||     2
  Eat: Chunk             |     2 |     5 |    16 |    33 |     4 ||    60
       Ration            |       |     1 |       |     1 |       ||     2
Armor: Skin              |    32 |    54 |   116 |   176 |    12 ||   390
Dodge: Dodged            |    68 |   118 |   215 |   389 |    32 ||   822
Block: Buckler           |       |       |   141 |   328 |    36 ||   505
       Reflection        |       |       |     3 |     4 |       ||     7
